 Dungeon Crawl Stone Soup version 0.31.0-11-ge490571c62 (webtiles) character file.

Game seed: 6783587293662947834

240 Arcadio the Chiller (level 6, -8/41 HPs)
             Began as a Barachi Ice Elementalist on Jan 31, 2024.
             Was an Initiate of Sif Muna.
             Killed by nerve-wracking pain
             ... invoked by Grinder
              (12 damage)
             ... while paralysed by Grinder
             ... on level 3 of the Dungeon.
             The game lasted 00:06:41 (2776 turns).

Arcadio the Chiller (Barachi Ice Elementalist)      Turns: 2776, Time: 00:06:42

Health: -8/41      AC:  3    Str:  9    XL:     6   Next: 8%
Magic:  4/11       EV:  2    Int: 18    God:    Sif Muna [......]
Gold:   205        SH:  0    Dex: 12    Spells: 8/12 levels left

rFire   . . .        g - +0 dagger (venom)
rCold   . . .        (no shield)
rNeg    . . .        a - +0 robe
rPois   .            (no helmet)
rElec   .            (no cloak)
rCorr   .            m - +0 pair of gloves
SInv    .            (no boots)
Will    .....        j - amulet of faith
Stlth   +            (no ring)
HPRegen 0.26/turn    (no ring)
MPRegen 0.12/turn

%: faith
@: paralysed, silenced, unable to hop, slow
A: amphibious, slowness 1, strong legs 1, +LOS
a: Hop, Renounce Religion


You were on level 3 of the Dungeon.
You worshipped Sif Muna.
Sif Muna was noncommittal.
You visited 1 branch of the dungeon, and saw 3 of its levels.

You collected 205 gold pieces.

Inventory:

Hand Weapons
 d - a +0 dagger
 g - a +0 dagger of venom (weapon)
Armour
 a - a +0 robe (worn)
 m - a +0 pair of gloves (worn)
Jewellery
 j - an amulet of faith (around neck)
Scrolls
 e - 2 scrolls of vulnerability
 f - a scroll of enchant weapon {unknown}
 k - a scroll of immolation
 l - a scroll of revelation {unknown}
 o - a scroll of noise {unknown}
 p - a scroll of fear {unknown}
 q - 3 scrolls of teleportation {unknown}
 r - 2 scrolls of identify
Potions
 b - 2 potions of magic
 h - a potion of might {unknown}
 i - 2 potions of curing {unknown}
 n - 4 potions of brilliance {unknown}


   Skills:
 + Level 4.3 Dodging
 - Level 1.7 Stealth
 + Level 3.9 Spellcasting
 + Level 6.2 Ice Magic


You had 8 spell levels left.
You knew the following spells:

 Your Spells              Type           Power      Damage    Failure   Level
a - Freeze                Ice            100%       1d10      1%          1
b - Frozen Ramparts       Ice            52%        1d8       3%          3

Your spell library contained the following spells:

 Spells                   Type           Power      Damage    Failure   Level
 Ozocubu's Armour         Ice            26%        N/A       3%          3
 Hailstorm                Conj/Ice       14%        3d6       12%         3
 Summon Ice Beast         Ice/Summ       14%        N/A       12%         3


Dungeon Overview and Level Annotations

Branches:
Dungeon (3/15)

Altars:
Sif Muna

Shops:
D:3 !

Annotations:
D:3 Grinder


Innate Abilities, Weirdness & Mutations

You are amphibious.
You cover ground slowly.
You can hop short distances.
You have an extended range of vision and can be seen from far away.


Message History

You freeze Grinder but do no damage.
Grinder completely resists. x2
The wall freezes Grinder but does no damage.
Grinder barely misses you.
Unknown command.
Casting: Freeze (safe; 1% risk of failure)
Confirm with . or Enter, or press ? or * to list all spells.
Aiming: Freeze (safe; 1% risk of failure)
Press: ? - help, Shift-Dir - straight line, f/p - Grinder
Aim: Grinder (lightly wounded)
You freeze Grinder.
Grinder resists.
Grinder is lightly wounded.
The wall freezes Grinder but does no damage.
Grinder hits you.
You writhe in agony.
Unknown command.
As you read the scroll labelled PUSHRES WYCOQE, it crumbles to dust.
It is a scroll of identify.
e - 2 scrolls of vulnerability;
r - 2 scrolls of identify;
h - a green potion Grinder completely resists.
The wall freezes Grinder but does no damage.
Grinder hits you.
You writhe in agony.
As you read the scroll labelled HULETOVVOGGO, it crumbles to dust.
The creatures around you are filled with an inner flame!
It was a scroll of immolation.
Grinder resists.
The wall freezes Grinder.
Flame seeps out of Grinder.
Grinder hits you.
* * * LOW HITPOINT WARNING * * *
You writhe in agony.
* * * LOW HITPOINT WARNING * * *
As you read the scroll labelled DIBOAL OXOGYO, it crumbles to dust.
A profound silence engulfs you.
It was a scroll of silence.
The frozen ramparts melt away.
Grinder is engulfed in blazing flames.
Flame seeps out of Grinder.
Grinder closely misses you.
Grinder is engulfed in blazing flames.
Flame seeps out of Grinder.
Hop to where?
Press: ? - help, Q - select action, (/) - cycle Dir - move target, p - Grinder Boing!
Grinder gestures at you.
You suddenly lose the ability to move!
Grinder gestures at you. Pain shoots through your body!
You die...

#####...##....#..#
##.####....#..
###########.#
#..#..#.
#..)....†...#
#...#..#
........#5####.#
#....#..
####.##.#○# #.#
##.#..#. # #.#.#
#.# #..#.)# #5#.#
#.# ##..).. #K#@#
#.# ###.## #.#.#
#.########.##
....#
#............
....# ########.###
....# ####..##
##.... ##.......
#....
#####.#......
..... ......#..⌠..
#.... ####........


You could see Grinder (inner flame).

Vanquished Creatures
  An orc priest (D:3)
  A sleepcap (D:3)
  Jessica (D:3)
  An orc wizard (D:3)
  4 gnolls
  3 adders (D:3)
  2 dart slugs (D:1)
  3 ribbon worms
  3 orcs (D:3)
  2 bats (D:3)
  An endoplasm (D:3)
  2 giant cockroaches
  4 goblins
  4 hobgoblins
  7 jackals (D:1)
  4 kobolds
  7 ball pythons
  4 frilled lizards
  5 rats
59 creatures vanquished.

Vanquished Creatures (others)
  A giant cockroach (D:1)
1 creature vanquished.

Grand Total: 60 creatures vanquished

Notes
Turn   | Place    | Note
-------+----------+-------------------------------------------
     0 | D:1      | Arcadio the Barachi Ice Elementalist began the quest for
                  | the Orb.
     0 | D:1      | Reached XP level 1. HP: 13/13 MP: 3/3
   113 | D:1      | Reached skill level 5 in Ice Magic
   142 | D:1      | Reached XP level 2. HP: 17/19 MP: 0/5
   659 | D:1      | Reached XP level 3. HP: 24/24 MP: 7/7
   663 | D:1      | Learned a level 3 spell: Frozen Ramparts
  1688 | D:2      | Found a faded altar of an unknown god.
  1874 | D:3      | Reached XP level 4. HP: 27/30 MP: 4/8
  1996 | D:3      | Found Cadifaok's Distillery.
  1996 | D:3      | Noticed Jessica
  2009 | D:3      | Killed Jessica
  2011 | D:3      | Reached XP level 5. HP: 35/35 MP: 2/10
  2119 | D:3      | Reached skill level 6 in Ice Magic
  2391 | D:3      | Reached XP level 6. HP: 24/41 MP: 7/11
  2579 | D:3      | Found a shimmering blue altar of Sif Muna.
  2583 | D:3      | Became a worshipper of Sif Muna the Loreminder
  2759 | D:3      | Noticed Grinder
  2775 | D:3      | Paralysed by Grinder for 3 turns
  2776 | D:3      | Killed from afar by Grinder

Illustrated notes

Levels and vault maps discovered:
D:1:      dpeg_arrival_castle, layout_loops_ring, due_unseen_surprise
D:2:      layout_basic, basic_ecumenical_altar
D:3:      layout_loops_ring, marbit_many_paths, serial_shops, shop,
          grunt_ministairs_15, solitary_fountain, st_stairs_8,
          minmay_misc_feat_diagonals, corexii_corridor_pit,
          kennysheep_generic_room_5, uniq_grinder, uniq_jessica

Skill      XL: |  1  2  3  4  5 |
---------------+----------------+-----
Ice Magic      | 5 6 |  6.2
Dodging        | 3 4 |  4.3
Spellcasting   | 3 |  3.9
Stealth        | |  1.7

Action                     |  1- 3 |  4- 6 || total
---------------------------+-------+-------++-------
  Melee: Unarmed           |     8 |       ||     8
         Dagger            |    49 |    29 ||    78
   Cast: Freeze            |    40 |    28 ||    68
         Frozen Ramparts   |     2 |     4 ||     6
Ability: Hop               |     2 |     1 ||     3
    Use: Scroll            |       |     3 ||     3
   Stab: Sleeping          |     3 |       ||     3
 Armour: Robe              |    52 |    17 ||    69
  Dodge: Dodged            |    55 |    34 ||    89
